 Dungeon Crawl Stone Soup version 0.29-a0-364-g921d912d32 (webtiles) character file.

Game seed: 10829342398351777324

15579 Shayle the Covert (level 12, -1/76 HPs)
             Began as a Tengu Brigand on Apr 30, 2022.
             Was a Follower of Ashenzari.
             Slain by a two-headed hydra (13 damage)
             ... on level 11 of the Dungeon.
             The game lasted 00:43:13 (15667 turns).

Shayle the Covert (Tengu Brigand)                  Turns: 15667, Time: 00:43:15

Health: -1/76      AC: 12    Str: 12    XL:     12   Next: 28%
Magic:  24/24      EV: 20    Int: 20    God:    Ashenzari [*.....]
Gold:   1028       SH:  0    Dex: 20    Spells: 16/25 levels left

rFire   . . .      SeeInvis .   y - +0 war axe (flame)
rCold   . . .      Faith    .   (no shield)
rNeg    + . .      Spirit   .   T - +2 leather armour "Riacruc" {Dex+4}
rPois   .          Reflect  .   N - +1 hat of Boiling Hail {Rampage rN+ Int+4}
rElec   .          Harm     .   c - +2 cloak "Shackled Annoyance" {Melee, Self} (curse)
rCorr   +          Rampage  +   L - +2 pair of gloves
Will    +....                   (boots unavailable)
Stlth   ++++......              (no amulet)
HPRegen 0.22/turn               J - ring of Supernal Gnosis {Will+, Bglg, Alch} (curse)
MPRegen 0.19/turn               k - ring of resist corrosion

@: flying quickly and evasively, quick
A: beak, talons 3, nimble flight
a: Renounce Religion, Curse Item, Shatter the Chains


You were on level 11 of the Dungeon.
You worshipped Ashenzari.
Ashenzari was aware of your devotion.
You visited 3 branches of the dungeon, and saw 14 of its levels.
You also visited: Ossuary.

You collected 1028 gold pieces.

Inventory:

Hand Weapons
 a - a +2 dagger
 y - a +0 war axe of flaming (weapon)
 z - a +2 short sword of draining
 E - the +7 war axe of the Valley {drain, Drain rPois rC+ rN+}
   (You found it on level 5 of the Dungeon)

   A truly terrible weapon, it drains the life of any living foe it strikes.
   rC:        It protects you from cold.
   rPois:     It protects you from poison.
   rN:        It protects you from negative energy.
   Drain:     It drains your maximum health when unequipped.
 R - the +7 Throatcutter {drain, coup de grace}
   (You found it on level 6 of the Dungeon)

   A truly terrible weapon, it drains the life of any living foe it strikes.
   It may instantly kill foes which have little health.
Missiles
 d - 22 poisoned darts (quivered)
 e - 7 curare-tipped darts
 n - 6 atropa-tipped darts
 r - 2 throwing nets
Armour
 b - a +0 robe
 c - the cursed +2 cloak "Shackled Annoyance" (worn) {Melee, Self}

   It has a curse which improves the following skills: Melee Combat: Short
   Blades, Long Blades, Axes, Maces & Flails, Polearms, Staves and Unarmed
   Combat.
   Introspection: Fighting and Spellcasting.
 s - a +0 ring mail
 L - a +2 pair of gloves (worn)
 N - the +1 hat of Boiling Hail (worn) {Rampage rN+ Int+4}
   (You acquired it on level 7 of the Dungeon)

   Int:       It affects your intelligence (+4).
   rN:        It protects you from negative energy.
   Rampage:   It bestows one free step when moving towards enemies.
 T - the +2 leather armour "Riacruc" (worn) {Dex+4}
   (You found it on level 8 of the Dungeon)

   Dex:       It affects your dexterity (+4).
Magical Staves
 C - a staff of earth
Jewellery
 k - a ring of resist corrosion (right hand)
 x - the amulet "Qesyva" {Spirit rN+ Dex+8}
   (You found it on level 3 of the Dungeon)

   [amulet of guardian spirit]

   It causes incoming damage to be divided between your reserves of health and
   magic.
   Dex:       It affects your dexterity (+8).
   rN:        It protects you from negative energy.
 J - the cursed ring of Supernal Gnosis (left hand) {Will+, Bglg, Alch}
   (You found it on level 6 of the Dungeon)

   [ring of willpower]

   Will:      It increases your willpower.
   It has a curse which improves the following skills: Beguiling: Conjurations,
   Hexes and Translocations.
   Alchemy:   Poison Magic and Transmutations.
 K - a ring of willpower
 W - a ring of protection from cold
Wands
 D - a wand of paralysis (6)
 M - a wand of flame (47)
Scrolls
 h - 11 scrolls of teleportation
 i - 4 scrolls of magic mapping
 l - 4 scrolls of amnesia
 p - a scroll of enchant armour
 q - 3 scrolls of fog
 t - 4 scrolls of holy word
 v - 2 scrolls of summoning
 w - 3 scrolls of blinking
 A - 2 scrolls of enchant weapon
 B - 2 scrolls of brand weapon
 G - 5 scrolls of immolation
 H - 3 scrolls of vulnerability
 I - 2 scrolls of noise
 S - a scroll of silence
Potions
 f - a potion of invisibility
 g - 5 potions of lignification
 j - 2 potions of degeneration
 m - 3 potions of heal wounds
 o - 4 potions of mutation
 u - 3 potions of ambrosia
 F - a potion of haste
 O - a potion of cancellation
 P - 2 potions of magic
 Q - 2 potions of might
 U - a potion of resistance
 V - 4 potions of brilliance
Miscellaneous
 X - a condenser vane


   Skills:
 + Level 8.3(9.2) Fighting
 - Level 3.4(5.6) Short Blades
 + Level 5.7(7.0) Long Blades
 - Level 2.0 Throwing
 - Level 8.0 Dodging
 - Level 9.0 Stealth
 - Level 4.2(5.0) Unarmed Combat
 - Level 6.4(7.3) Spellcasting
 + Level 7.4(8.3) Conjurations
 - Level 3.2(4.0) Hexes
 + Level 4.6(5.4) Transmutations
 + Level 3.0 Fire Magic
 - Level 4.3(5.1) Poison Magic


You had 16 spell levels left.
You knew the following spells:

 Your Spells              Type           Power      Damage    Failure   Level
a - Spider Form           Tmut/Pois      28%        N/A       4%          3
b - Mephitic Cloud        Conj/Pois/Air  25%        N/A       5%          3
c - Ignite Poison         Fire/Tmut/Pois 25%        N/A       5%          3

Your spell library contained the following spells:

 Spells                   Type           Power      Damage    Failure   Level
 Magic Dart               Conj           100%       1d8       1%          1
 Dazzling Flash           Conj/Hex       64%        N/A       2%          3
 Ensorcelled Hibernation  Hex/Ice        30%        N/A       8%          2
 Apportation              Tloc           14%        N/A       11%         1
 Summon Small Mammal      Summ           28%        N/A       12%         1
 Summon Guardian Golem    Hex/Summ       15%        N/A       16%         3
 Corpse Rot               Necr/Air       14%        N/A       17%         2
 Fireball                 Conj/Fire      15%        3d8       30%         5
 Call Canine Familiar     Summ           7%         N/A       34%         3
 Ozocubu's Armour         Ice            7%         N/A       34%         3
 Petrify                  Tmut/Erth      18%        N/A       36%         4
 Alistair's Intoxication  Tmut/Pois      18%        N/A       36%         5
 Anguish                  Hex/Necr       7%         N/A       45%         4
 Freezing Cloud           Conj/Ice/Air   9%         6-21      71%         5
 Dispel Undead            Necr           7%         3d8       75%         4
 Metabolic Englaciation   Hex/Ice        7%         N/A       80%         5
 Iron Shot                Conj/Erth      12%        9d3       97%         6
 Statue Form              Tmut/Erth      12%        N/A       99%         6
 Death Channel            Necr           3%         N/A       100%        6
 Simulacrum               Ice/Necr       3%         N/A       100%        6
 Chain Lightning          Conj/Air       12%        3d16      100%        9
 Fire Storm               Conj/Fire      15%        8d4       100%        9
 Shatter                  Erth           3%         3d7*      100%        9


Dungeon Overview and Level Annotations

Branches:
Dungeon (11/15)            Temple (1/1) D:4            Lair (2/6) D:8
Ossuary (visited)
  Swamp: Lair:2-4    Shoals: Lair:2-4     Snake: Lair:2-4    Spider: Lair:2-4
    Orc: D:9-12

Altars:
Ashenzari
Cheibriados
Dithmenos
Elyvilon
Fedhas
Gozag
Hepliaklqana
Kikubaaqudgha
Makhleb
Nemelex Xobeh
Okawaru
Qazlal
Ru
Sif Muna
Trog
Uskayaw
Vehumet
Wu Jian
Xom
Yredelemnul
Zin
The Shining One


Innate Abilities, Weirdness & Mutations

You have a beak for a mouth.
You have claws for feet.
Your magical nature lets you fly swiftly and evasively.


Message History

The five-headed hydra roars!
Your +0 war axe of flaming bursts into flame!
y - a +0 war axe of flaming (weapon)
Aiming: Paralyse
Press: ? - help, Shift-Dir - straight line, f - five-headed hydra
Aim: a five-headed hydra (chance to affect: 17%)
Okay, then.
You hack one of the five-headed hydra's heads off!
The flame cauterises the wound!
You hit the four-headed hydra. You burn the four-headed hydra.
You claw the four-headed hydra. You peck the four-headed hydra.
The four-headed hydra is lightly wounded.
The four-headed hydra barely misses you.
The four-headed hydra bites you! The four-headed hydra bites you.
The four-headed hydra bites you!
You chop one of the four-headed hydra's heads off!
The flame cauterises the wound!
You hit the three-headed hydra. You burn the three-headed hydra.
You claw the three-headed hydra.
The three-headed hydra is moderately wounded.
The three-headed hydra barely misses you.
The three-headed hydra bites you but does no damage.
The three-headed hydra bites you!
The three-headed hydra completely misses you.
The three-headed hydra bites you!
The three-headed hydra closely misses you.
You slice one of the three-headed hydra's heads off!
The flame cauterises the wound!
You slash the two-headed hydra! You burn the two-headed hydra.
You peck the two-headed hydra.
The two-headed hydra is heavily wounded.
The two-headed hydra bites you!
* * * LOW HITPOINT WARNING * * *
The two-headed hydra bites you!
* * * LOW HITPOINT WARNING * * *
You barely miss the two-headed hydra. You claw the two-headed hydra!
The two-headed hydra is severely wounded.
The two-headed hydra closely misses you.
The two-headed hydra barely misses you.
The two-headed hydra bites you but does no damage.
The two-headed hydra bites you!
You die...

#+######## .......<.#
.........# ########+##
.^.......# #...<......
.........#####..........
.........#...')@D.......
.........'.###..........
.........### #..........
###+###### #..........
#.........^ ###########


You could see a two-headed hydra.

Vanquished Creatures
  A two-headed ogre (D:11)
  Sonja (Lair:1)
  2 deep elf pyromancers
  A manticore (D:8)
  A black mamba (Lair:1)
  Maggie (Lair:1)
  5 cane toads
  4 komodo dragons
  2 hornets
  A vampire (D:10)
  3 wyverns
  2 shadows (D:10)
  16 yaks
  3 basilisks
  3 vampire mosquitoes (D:9)
  2 steam dragons
  8 water moccasins
  An acid dragon (D:8)
  5 orc warriors (D:8)
  A sky beast (D:6)
  2 ice beasts (D:6)
  A black bear (D:6)
  2 ogres (D:3)
  5 centaurs
  4 phantoms
  A kobold brigand (D:7)
  4 elf zombies (Ossuary)
  8 bullfrogs
  2 scorpions
  A gnoll sergeant (D:10)
  15 wights
  2 howler monkeys
  6 hounds
  A human zombie (Ossuary)
  5 orc priests
  A gnoll shaman (D:8)
  A jelly (D:6)
  8 orc wizards
  7 iguanas
  2 mummies (Ossuary)
  12 gnolls
  11 adders
  2 shadow imps
  2 white imps (D:6)
  2 ufetubi
  3 worms
  A dart slug (D:2)
  24 orcs
  7 ball pythons
  7 endoplasms
  2 giant cockroaches
  9 hobgoblins
  13 jackals
  13 kobolds
  8 quokkas
  10 bats
  3 goblins
  3 goblin zombies (Ossuary)
  8 hobgoblin zombies (Ossuary)
  A jackal zombie (Ossuary)
  10 kobold zombies (Ossuary)
  6 orc zombies (Ossuary)
  7 rats
  3 rat zombies (Ossuary)
308 creatures vanquished.

Vanquished Creatures (others)
  4 fungi
  9 plants
13 creatures vanquished.

Grand Total: 321 creatures vanquished

Notes
Turn   | Place    | Note
-------+----------+-------------------------------------------
     0 | D:1      | Shayle the Tengu Brigand began the quest for the Orb.
     0 | D:1      | Reached XP level 1. HP: 12/12 MP: 2/2
    97 | D:1      | Found a faded altar of an unknown god.
   315 | D:1      | Reached XP level 2. HP: 17/17 MP: 3/3
   708 | D:2      | Reached skill level 1 in Spellcasting
   829 | D:2      | Reached XP level 3. HP: 22/22 MP: 5/5
  1611 | D:3      | Reached XP level 4. HP: 27/27 MP: 6/6
  1645 | D:3      | Noticed an ogre
  1663 | D:3      | Noticed an ogre
  1664 | D:3      | Killed an ogre
  1665 | D:3      | Gained mutation: Your magical nature lets you fly swiftly
                  | and evasively. [Tengu growth]
  1665 | D:3      | Reached XP level 5. HP: 32/32 MP: 6/8
  1694 | D:3      | Killed an ogre
  1695 | D:3      | Reached skill level 5 in Stealth
  1823 | D:3      | Reached XP level 6. HP: 32/37 MP: 10/10
  2206 | D:3      | Identified the amulet "Qesyva" {Spirit rN+ Dex+8}
  2427 | D:3      | Found an iron altar of Okawaru.
  3193 | D:4      | Reached XP level 7. HP: 11/43 MP: 12/12
  3572 | D:4      | Found a staircase to the Ecumenical Temple.
  3582 | Temple   | Entered the Ecumenical Temple
  3758 | Temple   | Became a worshipper of Ashenzari the Shackled
  4452 | D:5      | Entered Level 5 of the Dungeon
  4927 | D:5      | Identified the +7 war axe of the Valley {drain, Drain rPois
                  | rC+ rN+}
  5043 | D:5      | Reached skill level 6 in Stealth
  6075 | D:6      | Reached skill level 1 in Unarmed Combat
  6075 | D:6      | Reached XP level 8. HP: 49/49 MP: 15/15
  6102 | D:6      | Reached skill level 5 in Dodging
  6143 | D:6      | Reached skill level 5 in Fighting
  6212 | D:6      | Found a sand-covered staircase.
  6217 | Ossuary  | Entered an ossuary
  6814 | D:6      | Reached skill level 7 in Stealth
  6885 | D:6      | Reached XP level 9. HP: 49/55 MP: 17/17
  7860 | D:6      | Reached * piety under Ashenzari
  8120 | D:7      | Reached skill level 5 in Spellcasting
  8120 | D:7      | Reached skill level 1 in Conjurations
  8365 | D:7      | Identified a scroll of acquirement
  8384 | D:7      | Acquired the +1 hat of Boiling Hail {Rampage rN+ Int+4}
  8474 | D:7      | Reached skill level 1 in Poison Magic
  8953 | D:6      | Reached skill level 1 in Transmutations
  8958 | D:6      | Reached skill level 1 in Hexes
  9072 | D:6      | Found the +7 Throatcutter {drain, coup de grace}
  9348 | D:8      | Identified the +2 leather armour "Riacruc" {Dex+4}
  9636 | D:8      | Reached XP level 10. HP: 63/63 MP: 20/20
  9643 | D:8      | Reached skill level 1 in Long Blades
  9647 | D:8      | Noticed a manticore
  9662 | D:8      | Noticed a deep elf pyromancer
  9911 | D:8      | Reached skill level 8 in Stealth
 10298 | D:8      | Found a staircase to the Lair.
 10318 | Lair:1   | Entered Level 1 of the Lair of Beasts
 10339 | Lair:1   | Noticed a cane toad
 10365 | Lair:1   | Killed a cane toad
 10597 | Lair:1   | Reached XP level 11. HP: 68/68 MP: 22/22
 10694 | Lair:1   | Reached skill level 5 in Conjurations
 11073 | Lair:1   | Noticed Maggie
 11108 | Lair:1   | Killed Maggie
 11352 | Lair:1   | Noticed Sonja
 11361 | Lair:1   | Killed Sonja
 11374 | Lair:1   | HP: 3/68 [poisoned by Sonja]
 11727 | Lair:1   | Learned a level 3 spell: Spider Form
 11792 | Lair:1   | Identified the cursed +2 cloak "Shackled Annoyance" {Melee,
                  | Self}
 12000 | Lair:1   | HP: 3/67 [poisoned by a cane toad]
 12002 | Lair:1   | HP: 1/67 [poisoned by a cane toad]
 12663 | Lair:2   | Reached skill level 9 in Stealth
 12967 | Lair:2   | Learned a level 3 spell: Mephitic Cloud
 12971 | Lair:2   | Learned a level 3 spell: Ignite Poison
 13096 | Lair:2   | Noticed a six-headed hydra
 13476 | D:8      | Killed a deep elf pyromancer
 13479 | D:8      | Acquired the Reference Book on Attacks
 13609 | D:8      | Killed a manticore
 13662 | D:8      | Reached skill level 1 in Fire Magic
 13798 | D:9      | Noticed a deep elf pyromancer
 13800 | D:9      | Killed a deep elf pyromancer
 13880 | D:9      | Reached skill level 5 in Long Blades
 14040 | D:9      | Reached XP level 12. HP: 73/74 MP: 24/24
 14825 | D:10     | Entered Level 10 of the Dungeon
 15642 | D:11     | Noticed a two-headed ogre
 15655 | D:11     | Killed a two-headed ogre
 15656 | D:11     | Noticed a five-headed hydra
 15667 | D:11     | Slain by a two-headed hydra

Illustrated notes

Levels and vault maps discovered:
D:1:      heliophobic_arrival_glass_houses, layout_rooms,
          hellmonk_ecumenical_altar_prayer_group, serial_park_tiny_2,
          hex_intersection
D:2:      layout_loops_ring, chequers_serial_rivers_micro_d,
          hangedman_decor_push, hangedman_decor_points, serial_bayou_pond_e,
          minmay_tetromino_o2
D:3:      layout_basic, lemuel_crystal_altar, minmay_increasing_density
D:4:      layout_rooms, minmay_temple_entry_wispy, guppyfry_early_lair_pool
D:5:      layout_basic
D:6:      minmay_flawed_box, layout_basic, enter_ossuary_2,
          minmay_joined_circles
D:7:      layout_rooms, dk_noncrumbling_3
D:8:      minmay_ornate_pinched, layout_loops_ring, erik_lair_dragon
D:9:      layout_grid_maze, minmay_misc_feat_secret_circle
D:10:     layout_cave_pools
D:11:     layout_roguey
Temple:   mainiacjoe_temple_starburst
Lair:1:   layout_roguey, serial_bayou_shore_b, uniq_maggie, uniq_sonja
Lair:2:   beast_lair_carwin_large_2, layout_regular_city,
          grunt_forest_stairs_clearing

Skill      XL: |  1  2  3  4  5  6  7  8  9 10 11 12 |
---------------+-------------------------------------+-----
Spellcasting   | 1 2 3 4 5 6 |  6.4
Dodging        | 2 3 4 5 6 7 8 |  8.0
Fighting       | 3 4 5 6 7 8 |  8.3
Stealth        | 5 6 7 8 9 |  9.0
Unarmed Combat | 1 3 4 |  4.2
Conjurations   | 2 4 6 7 |  7.4
Poison Magic   | 1 3 4 |  4.3
Transmutations | 1 2 4 |  4.6
Hexes          | 1 2 3 |  3.2
Long Blades    | 3 5 |  5.7
Short Blades   | 3 |  3.4
Fire Magic     | 1 3 |  3.0
Throwing       | |  2.0

Action                   |  1- 3 |  4- 6 |  7- 9 | 10-12 || total
-------------------------+-------+-------+-------+-------++-------
Melee: Dagger            |    90 |   138 |   152 |       ||   380
       Kick              |    21 |    41 |   117 |   100 ||   279
       Peck              |    16 |    27 |    83 |    68 ||   194
       Punch             |       |     4 |    11 |    13 ||    28
       War axe           |       |       |   203 |     5 ||   208
       Long sword        |       |       |    11 |   288 ||   299
       Unarmed           |       |       |       |    19 ||    19
Throw: Dart              |       |     9 |    12 |     5 ||    26
 Cast: Spider Form       |       |       |       |     2 ||     2
Invok: Curse Item        |       |       |     2 |       ||     2
Evoke: Wand              |       |       |       |     7 ||     7
  Use: Scroll            |       |       |    19 |     6 ||    25
       Potion            |       |       |     4 |     7 ||    11
 Stab: Sleeping          |     9 |     5 |    10 |    20 ||    44
       Distracted        |       |       |     1 |       ||     1
       Invisible         |       |       |       |     6 ||     6
Armor: Robe              |    19 |       |       |       ||    19
       Ring mail         |     1 |    39 |   158 |       ||   198
       Leather armour    |       |       |     1 |    83 ||    84
       Skin              |       |       |       |     1 ||     1
Dodge: Dodged            |    43 |    82 |   359 |   358 ||   842

Table legend: (Time is in decaauts)
 A = Elapsed time spent in this place.
 B = Non-inter-level travel time spent in this place.
 C = Inter-level travel time spent in this place.
 D = Time resting spent in this place.
 E = Time spent auto-exploring this place.
 F = Levels seen in this place.
 G = Mean time per level.
                   A        B        C        D        E       F      G
               +--------+--------+--------+--------+--------+-----+--------+
         Total |  15007 |  14427 |    580 |   3535 |   7167 |  15 | 1000.5 |
       Dungeon |  10912 |  10407 |    505 |   1775 |   5897 |  11 |  992.0 |
        Temple |    548 |    505 |     43 |      0 |    496 |   1 |  548.0 |
          Lair |   2992 |   2960 |     32 |   1593 |    769 |   2 | 1496.0 |
       Ossuary |    553 |    553 |      0 |    167 |      3 |   1 |  553.0 |
               +--------+--------+--------+--------+--------+-----+--------+

Top non-repeatable levels by time:
  Lair:1: 2486 daAuts
     D:6: 1775 daAuts
     D:5: 1519 daAuts
     D:8: 1168 daAuts
     D:3: 1124 daAuts
     D:2: 1029 daAuts
     D:4: 1004 daAuts
     D:9: 970 daAuts
     D:7: 918 daAuts
    D:10: 760 daAuts
     D:1: 605 daAuts
 Ossuary: 553 daAuts
  Temple: 548 daAuts
  Lair:2: 506 daAuts
    D:11: 35 daAuts
